 Dungeon Crawl Stone Soup version 0.27-a0-797-g27d10ad80f (webtiles) character file.

Game seed: 17654379036143341574

7138 tilp the Thaumaturge (level 11, 0/81 HPs)
             Began as a Djinni Venom Mage on Mar 27, 2021.
             Was an Initiate of Makhleb.
             Slain by Snorg (8 damage)
             ... on level 10 of the Dungeon.
             The game lasted 00:24:09 (12393 turns).

tilp the Thaumaturge (Djinni Venom Mage)           Turns: 12393, Time: 00:24:10

Health: 0/81       AC:  7    Str:  7    XL:     11   Next: 10%
Gold:   491        EV: 14    Int: 25    God:    Makhleb [......] SH:  0 Dex: 15

rFire    + + .     SeeInvis .   a - +5 short sword of the Witching Blowfly {drain, Int+4}
rCold    + . .     Faith    .   (no shield)
rNeg     . . .     Spirit   .   E - +1 leather armour of the Dungeon {rElec rC+ Int+2}
rPois    ∞         Reflect  .   (no helmet)
rElec    +         Harm     .   (no cloak)
rCorr    .         Rampage  .   P - +2 pair of gloves
Will     +....                  (boots unavailable)
Stlth    ++........             A - amulet of regeneration
HPRegen  1.23/turn              n - ring of wizardry
MPRegen  0.00/turn              G - ring of protection from cold

@: flying
A: fire resistance 2, cold vulnerability 1, float, innate caster, hp casting,
extra vitality 1
a: Renounce Religion


You were on level 10 of the Dungeon.
You worshipped Makhleb.
Makhleb was noncommittal.
You visited 2 branches of the dungeon, and saw 11 of its levels.

You collected 535 gold pieces.
You spent 44 gold pieces at shops.

Inventory:

Hand Weapons
 a - the +5 short sword of the Witching Blowfly (weapon) {drain, Int+4}
   (You found it on level 5 of the Dungeon)

   A truly terrible weapon, it drains the life of those it strikes.
   It affects your intelligence (+4).
 b - a +3 short sword of holy wrath
 H - a +0 war axe of electrocution
Missiles
 c - 3 atropa-tipped darts
 g - 2 javelins
 h - a curare-tipped dart
 l - 17 boomerangs (quivered)
 p - 15 poisoned darts
 t - 2 throwing nets
Armour
 E - the +1 leather armour of the Dungeon (worn) {rElec rC+ Int+2}
   (You found it on level 6 of the Dungeon)

   It affects your intelligence (+2).
   It protects you from cold.
   It insulates you from electricity.
 P - a +2 pair of gloves (worn)
Magical Staves
 q - a staff of cold
Jewellery
 n - a ring of wizardry (left hand)
 A - an amulet of regeneration (around neck)
 B - an amulet of reflection
 C - a ring of ice
 F - a ring of positive energy
 G - a ring of protection from cold (right hand)
Wands
 r - a wand of iceblast (8)
 s - a wand of random effects (18)
 v - a wand of flame (26)
 x - a wand of polymorph (7)
 D - a wand of paralysis (12)
Scrolls
 d - 2 scrolls of enchant weapon
 e - 5 scrolls of teleportation
 u - 2 scrolls of fog {unknown}
 w - a scroll of silence {unknown}
 y - a scroll of immolation
 I - a scroll of amnesia {unknown}
 L - a scroll of holy word {unknown}
 N - a scroll of brand weapon {unknown}
 O - 2 scrolls of identify
Potions
 f - 3 potions of curing
 i - a potion of ambrosia
 j - 3 potions of attraction
 k - 5 potions of haste
 m - a potion of resistance
 o - 2 potions of lignification
 z - a potion of might
 J - a potion of brilliance
 K - a potion of cancellation
Miscellaneous
 M - a condenser vane


   Skills:
 - Level 8.0 Fighting
 - Level 6.0 Dodging
 - Level 2.0 Stealth
 - Level 10.0 Spellcasting
 + Level 4.5 Invocations
 - Level 6.0 Evocations


You had 4 spell levels left.
You knew the following spells:

 Your Spells              Type           Power      Damage    Failure   Level
a - Sting                 Tmut/Pois      100%       1d8       1%          1
b - Poisonous Vapours     Pois/Air       100%       N/A       1%          2
c - Mephitic Cloud        Conj/Pois/Air  58%        N/A       1%          3
d - Ignite Poison         Fire/Tmut/Pois 58%        N/A       1%          3
e - Olgreb's Toxic Radia  Pois           58%        N/A       1%          4
f - Animate Skeleton      Necr           100%       N/A       1%          1
g - Corpse Rot            Necr/Air       N/A        N/A       1%          2
h - Slow                  Hex            58%        N/A       1%          2
i - Call Canine Familiar  Summ           58%        N/A       1%          3
j - Lightning Bolt        Conj/Air       29%        1d45      1%          5
Your spell library was empty.

Dungeon Overview and Level Annotations

Branches:
Dungeon (10/15)            Temple (1/1) D:7            Lair (0/6) D:8
    Orc: D:9-12

Altars:
Ashenzari
Cheibriados
Dithmenos
Elyvilon
Fedhas
Gozag
Hepliaklqana
Kikubaaqudgha
Makhleb
Nemelex Xobeh
Okawaru
Qazlal
Ru
Sif Muna
Trog
Uskayaw
Vehumet
Wu Jian
Xom
Yredelemnul
Zin
The Shining One

Shops:
D:1 *   D:9 :

Annotations:
D:5 1 runed translucent door
D:9 exclusion: vampire
D:10 Snorg


Innate Abilities, Weirdness & Mutations

You are immune to poison.
Your flesh is very heat resistant. (rF++)
You are vulnerable to cold. (rC-)
You float through the air rather than walking.
You learn spells naturally, not from books.
Your magical power is your life essence.
You have superior vitality. (+4 HP)


Message History

Confirm with . or Enter, or press ? or * to list all spells.
Aiming: Poisonous Vapours (safe; 1% risk of failure)
Press: ? - help, Dir - move target, f/p - Snorg
Aim: Snorg (flame, moderately wounded, slow) There's already a cloud there!
Unknown command.
Casting: Poisonous Vapours (safe; 1% risk of failure)
Confirm with . or Enter, or press ? or * to list all spells.
You begin to radiate toxic energy.
Snorg is poisoned.
Unknown command.
Unknown command.
You puncture Snorg!
Snorg is heavily wounded.
Snorg looks even sicker.
Snorg shakes off her lethargy.
Snorg goes berserk!
Unknown command.
You puncture Snorg! You drain Snorg.
Snorg is heavily wounded.
Your toxic aura wanes.
Snorg bites you! Snorg claws you. Snorg closely misses you. Snorg bites you!
Snorg barely misses you. Snorg claws you.
Unknown command.
You closely miss Snorg.
Snorg is heavily wounded.
Snorg completely misses you. Snorg claws you! Snorg barely misses you.
Unknown command.
Unknown command.
Unknown command.
Casting: Olgreb's Toxic Radiance (mildly dangerous; 1% risk of failure)
Confirm with . or Enter, or press ? or * to list all spells.
You ignite the poison in your surroundings!
Snorg seems to burn from within!
Snorg is severely wounded.
Snorg bites you! Snorg claws you!
* * * LOW HITPOINT WARNING * * *
Snorg claws you!
* * * LOW HITPOINT WARNING * * *
Snorg bites you!
* * * LOW HITPOINT WARNING * * *
Snorg claws you!
You die...

#...###
###.#...#####
#...#.......#
#.###.#.###.####
#...#.#.#
#....####
###.#.#.# #.##.#..
###.#.#.# ####.#.#
#.......###....#.#
#.........#.#.@T°#
#......##.# ##.###
#.........# ....
#########'#######
##########.......#
.......#.........#
##..##.#.#....?(.#
.....#.#.........#
.#.....#...#+#####


You could see Snorg (berserk, drained).

Vanquished Creatures
  2 two-headed ogres (D:9)
  Pikel (D:8)
  A komodo dragon (D:8)
  4 yaks (D:10)
  Eustachio (D:5)
  A wyvern (D:8)
  4 vampire mosquitoes (D:10)
  Menkaure (D:4)
  4 water moccasins
  3 orc warriors
  2 ice beasts
  2 ogres
  5 centaurs
  A lemure (D:8)
  A kobold brigand (D:9)
  Blork the orc (D:6)
  3 bullfrogs
  A water moccasin zombie (D:5)
  2 scorpions (D:5)
  2 water moccasin skeletons (D:4)
  4 killer bees (D:8)
  4 howler monkeys
  8 wights
  2 centaur zombies (D:9)
  A jelly (D:6)
  5 centaur skeletons
  7 orc priests
  4 hounds
  3 iguanas
  Jessica (D:2)
  6 orc wizards
  10 adders
  A white imp (D:6)
  2 ufetubi
  An adder zombie (D:5)
  A worm (D:4)
  A dart slug (D:2)
  29 orcs
  7 endoplasms
  12 giant cockroaches (D:3)
  13 goblins
  8 hobgoblins
  5 jackals
  19 kobolds
  4 quokkas
  7 ball pythons
  4 bats
  2 frilled lizards
  8 rats
221 creatures vanquished.

Vanquished Creatures (collateral kills)
  2 wights
2 creatures vanquished.

Vanquished Creatures (others)
  11 plants
11 creatures vanquished.

Grand Total: 234 creatures vanquished

Notes
Turn   | Place    | Note
-------+----------+-------------------------------------------
     0 | D:1      | tilp the Djinni Venom Mage began the quest for the Orb.
     0 | D:1      | Reached XP level 1. HP: 15/15 MP: 0/0
   181 | D:1      | Reached skill level 3 in Spellcasting
   182 | D:1      | Reached XP level 2. HP: 15/21 MP: 0/0
   678 | D:1      | Found Dikhla's General Store.
   682 | D:1      | Bought a scroll of identify for 22 gold pieces
  1497 | D:2      | Reached XP level 3. HP: 16/25 MP: 0/0
  1497 | D:2      | Learned a level 1 spell: Animate Skeleton
  2413 | D:2      | Reached skill level 4 in Spellcasting
  2490 | D:2      | Noticed Jessica
  2492 | D:2      | Killed Jessica
  2493 | D:2      | Reached XP level 4. HP: 23/31 MP: 0/0
  3413 | D:2      | Found a shadowy altar of Dithmenos.
  3868 | D:3      | Noticed an air elemental
  3870 | D:3      | Found a stormy altar of Qazlal.
  3872 | D:3      | Noticed an earth elemental
  3872 | D:3      | Noticed a fire elemental
  3872 | D:3      | Noticed a water elemental
  4029 | D:3      | Reached XP level 5. HP: 23/35 MP: 0/0
  4029 | D:3      | Learned a level 2 spell: Corpse Rot
  4833 | D:3      | Reached skill level 5 in Spellcasting
  4910 | D:3      | Reached XP level 6. HP: 7/40 MP: 0/0
  5534 | D:1      | Bought a scroll of identify for 22 gold pieces
  6136 | D:4      | Reached skill level 6 in Spellcasting
  6258 | D:4      | Reached skill level 1 in Fighting
  6329 | D:4      | Reached XP level 7. HP: 25/49 MP: 0/0
  6329 | D:4      | Learned a level 2 spell: Slow
  6523 | D:4      | Found a blossoming altar of Fedhas.
  6534 | D:4      | Noticed Menkaure
  6549 | D:4      | Found an iron altar of Okawaru.
  6573 | D:4      | Killed Menkaure
  6956 | D:5      | Entered Level 5 of the Dungeon
  7346 | D:5      | Noticed Eustachio
  7352 | D:5      | Killed Eustachio
  7495 | D:5      | Reached skill level 7 in Spellcasting
  7495 | D:5      | Reached XP level 8. HP: 20/58 MP: 0/0
  7741 | D:5      | Found a glowing silver altar of Zin.
  7742 | D:5      | Found a runed translucent door.
  7742 | D:5      | Noticed an angel
  8013 | D:5      | Identified the +5 short sword of the Witching Blowfly
                  | {drain, Int+4}
  8289 | D:5      | Found an ornate altar of the Wu Jian Council.
  8421 | D:6      | Noticed Blork the orc
  8425 | D:6      | Killed Blork the orc
  8633 | D:6      | Reached skill level 8 in Spellcasting
  8651 | D:6      | Found an iron altar of Okawaru.
  8654 | D:6      | Found a hide-covered altar of Uskayaw.
  8654 | D:6      | Found a basalt altar of Yredelemnul.
  8661 | D:6      | Found a sparkling altar of Nemelex Xobeh.
  8828 | D:6      | Reached skill level 1 in Evocations
  9053 | D:6      | Identified the +1 leather armour of the Dungeon {rElec rC+
                  | Int+2}
  9172 | D:6      | Reached XP level 9. HP: 57/62 MP: 0/0
  9172 | D:6      | Learned a level 3 spell: Call Canine Familiar
  9507 | D:7      | Found a staircase to the Ecumenical Temple.
  9532 | Temple   | Entered the Ecumenical Temple
  9666 | D:7      | Found a broken altar of Ashenzari.
  9760 | D:7      | Reached skill level 5 in Fighting
 10003 | D:7      | Found a white marble altar of Elyvilon.
 10362 | D:8      | Reached skill level 5 in Dodging
 10365 | D:8      | Noticed Pikel
 10368 | D:8      | Killed Pikel
 10369 | D:8      | Reached skill level 9 in Spellcasting
 10414 | D:8      | Reached XP level 10. HP: 36/73 MP: 0/0
 10912 | D:8      | Found a staircase to the Lair.
 11137 | D:9      | Noticed a two-headed ogre
 11142 | D:9      | Killed a two-headed ogre
 11172 | D:9      | Found Rotithryhot's Book Shop.
 11484 | D:9      | Found a burning altar of Makhleb.
 11494 | D:9      | Became a worshipper of Makhleb the Destroyer
 11681 | D:9      | Noticed a two-headed ogre
 11686 | D:9      | Killed a two-headed ogre
 11687 | D:9      | Reached skill level 10 in Spellcasting
 11687 | D:9      | Reached skill level 1 in Invocations
 11961 | D:10     | Entered Level 10 of the Dungeon
 12041 | D:10     | Reached skill level 5 in Evocations
 12042 | D:10     | Reached XP level 11. HP: 66/81 MP: 0/0
 12042 | D:10     | Learned a level 5 spell: Lightning Bolt
 12380 | D:10     | Noticed Snorg
 12393 | D:10     | Slain by Snorg

Illustrated notes

Levels and vault maps discovered:
D:1:      eino_arrival_cavern_d, layout_basic, serial_shops, shop
D:2:      layout_basic, marbit_many_paths, uniq_jessica
D:3:      minmay_roachtagon, layout_basic, nicolae_qazlal_style_of_elements
D:4:      layout_rooms, fedhas_ov_isle_minmay, kennysheep_mini_moat,
          okawaru_gym_becter, uniq_menkaure
D:5:      layout_rooms, pdpol_wu_jian_five_deadly_venoms,
          chequers_serial_rivers_small_b, lemuel_angel_altar, uniq_eustachio
D:6:      layout_gridville, grunt_temple_overflow_open, uniq_blork_the_orc
D:7:      layout_cave_pods, general_overflow_altar,
          nicolae_overflow_hidden_temple, minmay_temple_entry_mini_moons
D:8:      layout_basic, david_lair_shrubbed, basic_altar, uniq_pikel
D:9:      layout_loops_cross, old_standard_altar, serial_shops, shop
D:10:     layout_basic, uniq_snorg
Temple:   compressed_dpeg_circular_temple

Skill      XL: |  1  2  3  4  5  6  7  8  9 10 11 |
---------------+----------------------------------+-----
Spellcasting   | 3 4 5 6 7 8 9 10 | 10.0
Fighting       | 2 4 6 8 |  8.0
Stealth        | 2 |  2.0
Evocations     | 4 5 6 |  6.0
Dodging        | 5 6 |  6.0
Invocations    | 3 4 |  4.5

Action                   |  1- 3 |  4- 6 |  7- 9 | 10-12 || total
-------------------------+-------+-------+-------+-------++-------
Melee: Dagger            |    13 |    17 |     1 |       ||    31
       Short sword       |       |     6 |    56 |    32 ||    94
Throw: Boomerang         |       |       |     3 |       ||     3
 Cast: Sting             |    19 |     8 |       |       ||    27
       Poisonous Vapours |    43 |    88 |    53 |    38 ||   222
       Corpse Rot        |       |     1 |       |       ||     1
       Ignite Poison     |       |     5 |    34 |    32 ||    71
       Mephitic Cloud    |       |     2 |    22 |    11 ||    35
       Olgreb's Toxic Ra |       |       |     7 |     9 ||    16
       Call Canine Famil |       |       |     3 |     2 ||     5
       Slow              |       |       |     1 |     2 ||     3
Evoke: Wand              |       |       |     2 |       ||     2
  Use: Scroll            |     2 |     2 |     9 |     5 ||    18
       Potion            |       |     1 |       |       ||     1
 Stab: Distracted        |       |       |       |     1 ||     1
Armor: Robe              |     3 |     1 |     3 |       ||     7
       Leather armour    |       |       |    10 |    17 ||    27
Dodge: Dodged            |     4 |    11 |    49 |    51 ||   115

Table legend: (Time is in decaauts)
 A = Elapsed time spent in this place.
 B = Non-inter-level travel time spent in this place.
 C = Inter-level travel time spent in this place.
 D = Time resting spent in this place.
 E = Time spent auto-exploring this place.
 F = Levels seen in this place.
 G = Mean time per level.
                   A        B        C        D        E       F      G
               +--------+--------+--------+--------+--------+-----+--------+
         Total |  12392 |  11853 |    539 |   2008 |   8519 |  11 | 1126.5 |
       Dungeon |  12283 |  11769 |    514 |   2008 |   8436 |  10 | 1228.3 |
        Temple |    108 |     83 |     25 |      0 |     83 |   1 |  108.0 |
               +--------+--------+--------+--------+--------+-----+--------+

Top non-repeatable levels by time:
     D:2: 2174 daAuts
     D:3: 1914 daAuts
     D:4: 1695 daAuts
     D:1: 1537 daAuts
     D:5: 1071 daAuts
     D:6: 898 daAuts
     D:9: 859 daAuts
     D:7: 856 daAuts
     D:8: 842 daAuts
    D:10: 433 daAuts
  Temple: 108 daAuts
